 Dungeon Crawl Stone Soup version 0.28-a0-863-g8cecda6153 (webtiles) character file.

Game seed: 41425075856265408

5687 horus123 the Transmogrifier (level 10, -9/50 HPs)
             Began as a Deep Elf Conjurer on Nov 19, 2021.
             Was a Follower of Vehumet.
             Mangled by a wyvern (11 damage)
             ... on level 9 of the Dungeon.
             The game lasted 00:24:31 (11415 turns).

horus123 the Transmogrifier (Deep Elf Conjurer)    Turns: 11415, Time: 00:24:32

Health: -9/50      AC:  8    Str:  4    XL:     10   Next: 47%
Magic:  19/21      EV: 13    Int: 27    God:    Vehumet [*.....]
Gold:   176        SH:  0    Dex: 19    Spells: 2/21 levels left

rFire   . . .      SeeInvis +     - Unarmed
rCold   . . .      Faith    .   (shield currently unavailable)
rNeg    . . .      Spirit   .   a - +2 robe
rPois   .          Reflect  .   z - +2 helmet
rElec   .          Harm     .   q - scarf {+Inv}
rCorr   .          Rampage  .   (gloves currently unavailable)
Will    +....                   K - +0 pair of boots
Stlth   ++........              v - amulet of magic regeneration
HPRegen 0.16/turn               w - ring of see invisible
MPRegen 0.42/turn               H - +6 ring of dexterity

@: blade hands
A: no striking features
a: End Transformation, Renounce Religion, Evoke Invisibility


You were on level 9 of the Dungeon.
You worshipped Vehumet.
Vehumet was aware of your devotion.
You had blades for hands.
You visited 2 branches of the dungeon, and saw 10 of its levels.
You also visited: Ossuary.

You collected 484 gold pieces.
You spent 308 gold pieces at shops.

Inventory:

Hand Weapons
 x - a +2 hand axe of electrocution
 y - a +2 short sword
 I - a +3 short sword
Missiles
 e - 2 throwing nets
Armour
 a - a +2 robe (worn)
 q - a scarf of invisibility (worn)
 z - a +2 helmet (worn)
 K - a +0 pair of boots (worn)
Magical Staves
 n - a staff of fire (melded)
Jewellery
 v - an amulet of magic regeneration (around neck)
 w - a ring of see invisible (left blade hand)
 A - a +6 ring of strength
 D - an amulet of the acrobat
 H - a +6 ring of dexterity (right blade hand)
Wands
 t - a wand of flame (18)
 C - a wand of digging (7)
 F - a wand of acid (10)
Scrolls
 b - a scroll of magic mapping
 g - 3 scrolls of teleportation
 h - a scroll of fear
 j - a scroll of amnesia
 k - 3 scrolls of fog
 s - 2 scrolls of blinking
 J - a scroll of enchant weapon
Potions
 c - 5 potions of curing
 d - a potion of mutation {unknown}
 f - a potion of degeneration {unknown}
 i - a potion of heal wounds {unknown}
 l - 3 potions of cancellation
 m - a potion of berserk rage {unknown}
 o - a potion of flight {unknown}
 p - 5 potions of attraction
 r - a potion of invisibility {unknown}
 u - 2 potions of brilliance {unknown}
 B - a potion of lignification {unknown}
 E - a potion of magic {unknown}


   Skills:
 - Level 5.3 Staves
 - Level 2.4 Dodging
 - Level 2.4 Stealth
 - Level 2.3 Unarmed Combat
 - Level 6.4 Spellcasting
 - Level 8.0 Conjurations
 - Level 7.0 Hexes
 - Level 9.1 Transmutations
 - Level 5.3 Fire Magic
 + Level 1.0 Ice Magic
 - Level 5.3 Evocations


You had 2 spell levels left.
You knew the following spells:

 Your Spells              Type           Power      Damage    Failure   Level
a - Magic Dart            Conj           100%       1d8       9%          1
b - Searing Ray           Conj           100%       2d8       11%         2
c - Dazzling Flash        Conj/Hex       98%        N/A       14%         3
d - Fulminant Prism       Conj/Hex       24%        3d13      24%         4
e - Blade Hands           Tmut           27%        N/A       30%         5
f - Freeze                Ice            56%        1d7       30%         1
g - Frozen Ramparts       Ice            28%        1d4       50%         3

Your spell library contained the following spells:

 Spells                   Type           Power      Damage    Failure   Level
 Portal Projectile        Hex/Tloc       54%        N/A       30%         3
 Ice Form                 Ice/Tmut       35%        N/A       41%         4
 Iskenderun's Mystic Bla  Conj/Tloc      30%        2d8       50%         4
 Summon Ice Beast         Ice/Summ       11%        N/A       85%         4
 Excruciating Wounds      Necr           4%         N/A       99%         5


Dungeon Overview and Level Annotations

Branches:
Dungeon (9/15)             Temple (1/1) D:6         Ossuary (visited)
   Lair: D:8-11         Orc: D:9-12

Altars:
Elyvilon
Gozag
Kikubaaqudgha
Nemelex Xobeh
Okawaru
Sif Muna
Vehumet
Xom
Yredelemnul
The Shining One

Shops:
D:1 *   D:8 **


Message History

Your staff of fire melds into your body.
The orc wizard shouts!
The orc warrior shouts!
The orc shouts!
The wyvern hisses angrily.
The orc shouts!
The orc barely misses you.
You hit the orc warrior.
The orc warrior is lightly wounded.
The wyvern misses you.
You hit the wyvern.
The wyvern is lightly wounded.
The orc wizard hits you but does no damage.
The orc hits you but does no damage.
The orc warrior hits you with a +0 short sword!
The wyvern bites you!
Okay, then.
It was a potion of curing.
You feel better. The wyvern bites you! The orc closely misses you.
The orc wizard closely misses you. The orc barely misses you.
The orc warrior hits you but does no damage.
The wyvern bites you!
You slice the orc!!
You kill the orc!
Vehumet accepts your kill.
You feel your power returning. The orc barely misses you.
The orc wizard gestures wildly while chanting.
The orc wizard flickers and vanishes for a moment.
The orc warrior barely misses you. The wyvern bites you.
Your Ice Magic skill increases to level 1!
You hit the orc wizard.
The orc wizard is lightly wounded.
The wyvern bites you!
* * * LOW HITPOINT WARNING * * *
The orc hits you from afar with a +0 trident.
* * * LOW HITPOINT WARNING * * *
The orc wizard gestures at you while chanting.
You easily resist.
The orc warrior barely misses you.
You slash the orc wizard!
You kill the orc wizard!
Vehumet accepts your kill. The wyvern bites you!
You die...

#########
........#
......lo+
......)@#
.$...o).#
##.##...#
##..#
#+##


You could see an orc warrior, a wyvern and an orc.

Vanquished Creatures
  The ghost of AlleluiaPinecone the Cleaver, a novice HOFi (D:5)
  11 yaks (D:8)
  A steam dragon (D:8)
  A water moccasin (D:7)
  5 sky beasts
  3 orc warriors
  5 ogres
  3 centaurs
  A phantom (D:5)
  A kobold brigand (D:8)
  2 bullfrogs (D:8)
  A gnoll sergeant (D:7)
  A scorpion (D:6)
  7 water moccasin zombies
  4 wights (D:7)
  3 howler monkeys (D:7)
  2 centaur zombies (D:6)
  A jelly (D:6)
  A hound (D:4)
  Crazy Yiuf (D:7)
  2 orc priests
  2 centaur skeletons
  A bullfrog skeleton (D:6)
  3 gnoll shamans
  A scorpion zombie (D:5)
  4 iguanas
  4 orc wizards
  A killer bee zombie (D:5)
  A hound skeleton (D:4)
  2 mummies (Ossuary)
  Robin (D:4)
  14 gnolls
  4 adders
  3 river rats (D:5)
  A white imp (D:7)
  6 adder zombies
  3 worms
  3 dart slugs
  14 orcs
  4 ball pythons
  8 bats
  10 endoplasms
  2 giant cockroaches
  2 gnoll zombies (Ossuary)
  13 goblins
  9 hobgoblins
  5 kobolds
  3 quokkas
  2 frilled lizards
  2 hobgoblin zombies (Ossuary)
  5 kobold zombies (Ossuary)
  4 orc zombies (Ossuary)
  5 rats
199 creatures vanquished.

Vanquished Creatures (others)
  5 fulminant prisms
  A fungus (D:2)
  6 plants (D:2)
12 creatures vanquished.

Grand Total: 211 creatures vanquished

Notes
Turn   | Place    | Note
-------+----------+-------------------------------------------
     0 | D:1      | horus123 the Deep Elf Conjurer began the quest for the Orb.
     0 | D:1      | Reached XP level 1. HP: 10/10 MP: 6/6
   138 | D:1      | Reached XP level 2. HP: 15/15 MP: 6/8
   141 | D:1      | Learned a level 2 spell: Searing Ray
   197 | D:1      | Reached skill level 5 in Conjurations
   713 | D:1      | Found Wafrata's Assorted Antiques.
  1048 | D:2      | Reached XP level 3. HP: 19/19 MP: 5/10
  1383 | D:2      | Found a faded altar of an unknown god.
  1402 | D:2      | Learned a level 3 spell: Dazzling Flash
  2127 | D:3      | Reached skill level 5 in Spellcasting
  2381 | D:3      | Reached skill level 1 in Hexes
  2389 | D:3      | Reached XP level 4. HP: 24/24 MP: 8/13
  2457 | D:3      | Learned a level 4 spell: Fulminant Prism
  2806 | D:4      | Found a sand-covered staircase.
  2816 | Ossuary  | Entered an ossuary
  2896 | Ossuary  | Reached XP level 5. HP: 28/28 MP: 14/14
  2899 | Ossuary  | Reached skill level 5 in Hexes
  2982 | Ossuary  | Reached XP level 6. HP: 11/32 MP: 1/15
  3576 | D:4      | You fall into a shaft and drop 1 floor!
  3576 | D:5      | Entered Level 5 of the Dungeon
  3617 | D:5      | Found a large runed translucent door.
  3619 | D:5      | Found a large runed translucent door.
  3672 | D:5      | Reached XP level 7. HP: 36/36 MP: 10/16
  4291 | D:5      | Reached skill level 1 in Evocations
  4958 | D:5      | Reached XP level 8. HP: 37/41 MP: 8/17
  5384 | D:5      | Noticed AlleluiaPinecone's ghost (novice HOFi)
  5815 | D:4      | Reached skill level 5 in Evocations
  6139 | D:4      | Noticed Robin
  6144 | D:4      | Killed Robin
  6361 | D:5      | Killed AlleluiaPinecone's ghost
  6362 | D:5      | Reached skill level 5 in Fire Magic
  6697 | D:6      | Reached skill level 1 in Staves
  7046 | D:6      | Reached XP level 9. HP: 45/45 MP: 12/18
  7262 | D:6      | Found a staircase to the Ecumenical Temple.
  7271 | Temple   | Entered the Ecumenical Temple
  7425 | Temple   | Became a worshipper of Vehumet
  7591 | D:6      | Reached skill level 5 in Staves
  8167 | D:7      | Learned a level 5 spell: Blade Hands
  8244 | D:7      | Reached skill level 1 in Transmutations
  8247 | D:7      | Reached skill level 2 in Transmutations
  8339 | D:7      | Reached skill level 3 in Transmutations
  8731 | D:7      | Reached skill level 4 in Transmutations
  8817 | D:7      | Reached skill level 5 in Transmutations
  9210 | D:7      | Found a runed translucent door.
  9211 | D:7      | Noticed Crazy Yiuf
  9377 | D:7      | Killed Crazy Yiuf
  9724 | D:8      | Reached skill level 6 in Transmutations
  9780 | D:8      | Reached XP level 10. HP: 45/50 MP: 11/21
  9827 | D:8      | Reached skill level 7 in Transmutations
 10075 | D:8      | Found Uwushrep's Island Escapes.
 10193 | D:8      | Reached skill level 8 in Transmutations
 10194 | D:8      | Reached * piety under Vehumet
 10194 | D:8      | Offered knowledge of Freeze by Vehumet.
 10201 | D:8      | Reached skill level 9 in Transmutations
 10495 | D:8      | Found Raoddaot's Retail Resort.
 10503 | D:8      | Bought a book of Rime for 308 gold pieces
 10517 | D:8      | Learned a level 1 spell: Freeze
 10547 | D:8      | Reached skill level 1 in Unarmed Combat
 11083 | D:8      | Found an opulent altar of Gozag.
 11088 | D:8      | Learned a level 3 spell: Frozen Ramparts
 11414 | D:9      | Reached skill level 1 in Ice Magic
 11414 | D:9      | HP: 2/50 [orc (4)]
 11415 | D:9      | Mangled by a wyvern

Illustrated notes

Levels and vault maps discovered:
D:1:      roderic_crossed_star, layout_loops_ring, serial_shops, shop
D:2:      layout_rooms, shapermc_ecumenical_altar_mp_urbaneastern,
          minmay_pentomino_x4
D:3:      minmay_razor_zed, layout_basic
D:4:      cheibrodos_pilgrimage, layout_basic, nicolae_ossuary_entry_ruins,
          kennysheep_generic_room_15, uniq_robin
D:5:      layout_basic, ebering_ghost_disaster_area, portal_sewer_entry_b,
          grunt_ministairs_9
D:6:      layout_rooms, minmay_temple_entry_nine_rooms, minmay_quadrilaterals
D:7:      layout_loops_ring, grunt_ogre_cave, uniq_crazy_yiuf_cottage
D:8:      layout_loops_corners, kennysheep_mini, nicolae_alphabet_shops,
          nicolae_island_escapes
D:9:      layout_roguey, serial_shops, nicolae_shop_behind_doors,
          amcnicky_mini_pool_small, uniq_psyche, uniq_grum
Temple:   mainiacjoe_temple_big_plus

Skill      XL: |  1  2  3  4  5  6  7  8  9 10 |
---------------+-------------------------------+-----
Conjurations   | 5 6 8 |  8.0
Spellcasting   | 4 5 6 |  6.4
Hexes          | 1 4 7 |  7.0
Evocations     | 2 5 |  5.3
Fire Magic     | 5 |  5.3
Staves         | 2 5 |  5.3
Transmutations | 6 9 |  9.1
Unarmed Combat | 2 |  2.3
Ice Magic      | 1 |  1.0
Dodging        | |  2.4
Stealth        | |  2.4

Action                   |  1- 3 |  4- 6 |  7- 9 | 10-12 || total
-------------------------+-------+-------+-------+-------++-------
Melee: Staff             |       |       |    25 |       ||    25
       Unarmed           |       |       |       |     8 ||     8
 Cast: Magic Dart        |    75 |    45 |   158 |    18 ||   296
       Searing Ray       |     1 |     6 |    46 |    22 ||    75
       Fulminant Prism   |       |       |     4 |     1 ||     5
       Dazzling Flash    |       |       |     2 |       ||     2
       Blade Hands       |       |       |       |     2 ||     2
Evoke: Wand              |       |       |     1 |       ||     1
  Use: Scroll            |     4 |    10 |     6 |     3 ||    23
       Potion            |       |       |       |     1 ||     1
Armor: Robe              |       |     4 |    56 |     9 ||    69
Dodge: Dodged            |     4 |    11 |   103 |    30 ||   148

Table legend: (Time is in decaauts)
 A = Elapsed time spent in this place.
 B = Non-inter-level travel time spent in this place.
 C = Inter-level travel time spent in this place.
 D = Time resting spent in this place.
 E = Time spent auto-exploring this place.
 F = Levels seen in this place.
 G = Mean time per level.
                   A        B        C        D        E       F      G
               +--------+--------+--------+--------+--------+-----+--------+
         Total |  11418 |  11161 |    257 |   1910 |   7870 |  11 | 1038.0 |
       Dungeon |  10693 |  10458 |    235 |   1633 |   7606 |   9 | 1188.1 |
        Temple |    176 |    154 |     22 |      0 |    138 |   1 |  176.0 |
       Ossuary |    547 |    547 |      0 |    277 |    126 |   1 |  547.0 |
               +--------+--------+--------+--------+--------+-----+--------+

Top non-repeatable levels by time:
     D:5: 2320 daAuts
     D:8: 1779 daAuts
     D:7: 1718 daAuts
     D:3: 1188 daAuts
     D:6: 1115 daAuts
     D:4: 981 daAuts
     D:1: 830 daAuts
     D:2: 752 daAuts
 Ossuary: 547 daAuts
  Temple: 176 daAuts
     D:9: 6 daAuts
